 Dungeon Crawl Stone Soup version 0.30-a0-458-g86641cc369 (webtiles) character file.

Game seed: 1053498553988401325

165 oldmanjim the Vexing (level 5, -2/41 HPs)
             Began as a Gnoll Hexslinger on Dec 14, 2022.
             Slain by a mummy (8 damage)
             ... in an ossuary.
             The game lasted 00:12:11 (2153 turns).

oldmanjim the Vexing (Gnoll Hexslinger)             Turns: 2153, Time: 00:12:11

Health: -2/41      AC: 10    Str: 11    XL:     5   Next: 46%
Magic:  9/9        EV: 13    Int: 12    God:
Gold:   193        SH:  0    Dex: 13    Spells: 6/10 levels left

rFire   . . .      SeeInvis .    b - +0 short sword (protect)
rCold   . . .      Faith    .    (no shield)
rNeg    . . .      Spirit   .    c - +0 robe
rPois   .          Reflect  .    (no helmet)
rElec   .          Harm     .    u - +0 cloak
rCorr   .          Rampage  .    (no gloves)
Will    .....                    (no boots)
Stlth   ++........               (no amulet)
HPRegen 0.26/turn                (no ring)
MPRegen 0.11/turn                (no ring)

@: under a protective aura, slowed, very slow
A: fangs 1, strong nose, distributed training
a: no special abilities


You were in an ossuary.
You visited 1 branch of the dungeon, and saw 4 of its levels.
You also visited: Ossuary.

You collected 193 gold pieces.

Inventory:

Hand Weapons
 a - a +1 sling
 b - a +0 short sword of protection (weapon)
Missiles
 e - 20 stones
 v - 3 atropa-tipped darts
 w - 2 boomerangs
Armour
 c - a +0 robe (worn)
 u - a +0 cloak (worn)
Jewellery
 x - a ring of wizardry
Scrolls
 d - a scroll of enchant armour {unknown}
 f - 2 scrolls of poison
 h - a scroll of identify {unknown}
 k - a scroll of noise {unknown}
 q - a scroll of teleportation {unknown}
 s - a scroll of silence {unknown}
 t - a scroll of fear {unknown}
Potions
 g - 3 potions of mutation {unknown}
 i - 2 potions of might {unknown}
 j - a potion of cancellation {unknown}
 l - a potion of invisibility {unknown}
 m - a potion of curing {unknown}
 n - a potion of heal wounds {unknown}
 o - 2 potions of degeneration {unknown}
 p - a potion of flight {unknown}
 r - a potion of resistance {unknown}


   Skills:
 + Level 3.0 Fighting
 + Level 1.6 Short Blades
 + Level 1.6 Long Blades
 + Level 1.6 Axes
 + Level 1.6 Maces & Flails
 + Level 1.6 Polearms
 + Level 1.6 Staves
 + Level 4.8 Ranged Weapons
 + Level 1.6 Throwing
 + Level 1.6 Armour
 + Level 4.8 Dodging
 + Level 1.6 Stealth
 + Level 1.6 Shields
 + Level 1.6 Unarmed Combat
 + Level 3.2 Spellcasting
 + Level 1.2 Conjurations
 + Level 5.5 Hexes
 + Level 1.2 Summonings
 + Level 1.2 Necromancy
 + Level 1.2 Translocations
 + Level 1.2 Transmutations
 + Level 1.2 Fire Magic
 + Level 1.2 Ice Magic
 + Level 1.2 Air Magic
 + Level 1.2 Earth Magic
 + Level 1.2 Poison Magic
 + Level 1.8 Invocations
 + Level 1.6 Evocations


You had 6 spell levels left.
You knew the following spells:

 Your Spells              Type           Power      Damage    Failure   Level
a - Slow                  Hex            60%        N/A       2%          1
b - Inner Flame           Hex/Fire       10%        N/A       19%         3

Your spell library contained the following spells:

 Spells                   Type           Power      Damage    Failure   Level
 Portal Projectile        Hex/Tloc       20%        N/A       19%         3
 Cause Fear               Hex            7%         N/A       24%         4


Dungeon Overview and Level Annotations

Branches:
Dungeon (4/15)            Ossuary (1/1)
 Temple: D:4-7

Altars:
Kikubaaqudgha

Shops:
D:3 [


Innate Abilities, Weirdness & Mutations

You have very sharp teeth.
Your uncanny sense of smell can sniff out nearby items.
Your experience applies equally to all skills.


Message History

You are too injured to fight recklessly!
You are too injured to fight recklessly!
You are too injured to fight recklessly!
You are too injured to fight recklessly!
You hit the bog mummy but do no damage.
The bog mummy is moderately damaged.
The mummy hits you!
* * * LOW HITPOINT WARNING * * *
The bog mummy completely misses you.
You hit the bog mummy.
The bog mummy is moderately damaged.
The bog mummy gestures at you while chanting.
You feel yourself slow down.
You barely miss the bog mummy.
The bog mummy is moderately damaged.
The mummy closely misses you. The bog mummy barely misses you.
A mummy comes into view.
The bog mummy closely misses you.
You hit the bog mummy but do no damage.
The bog mummy is moderately damaged.
The mummy closely misses you.
The bog mummy hits you but does no damage.
You hit the bog mummy.
The bog mummy is heavily damaged.
The bog mummy hits you.
* * * LOW HITPOINT WARNING * * *
A mummy comes into view.
You hit the bog mummy.
The bog mummy is heavily damaged.
The mummy hits you.
* * * LOW HITPOINT WARNING * * *
The bog mummy hits you but does no damage.
The bog mummy gestures at you while chanting.
You resist with some effort.
You hit the bog mummy.
You punch the bog mummy, but do no damage.
The bog mummy is severely damaged.
Something hits the withered plant.
The withered plant begins to crumble.
The mummy hits you!
You die...

### #####
#.'~#..M#
∆∆∆
#~M.M@#
∆∆∆
#PM~#.M∩#
∆∆∆ ##~
##### ~.
## ∆∆∆
∆∆∆ ∆∆∆


You could see 3 mummies and 2 bog mummies.

Vanquished Creatures
  A mummy (Ossuary)
  An orc wizard (D:3)
  4 adders
  3 dart slugs (D:1)
  5 orcs (D:3)
  4 bats
  4 endoplasms
  6 giant cockroaches
  3 goblins
  5 hobgoblins
  9 jackals
  8 ball pythons
  2 frilled lizards
  5 kobolds
  4 rats
64 creatures vanquished.

Vanquished Creatures (others)
  9 plants (D:3)
  3 withered plants (Ossuary)
12 creatures vanquished.

Grand Total: 76 creatures vanquished

Notes
Turn   | Place    | Note
-------+----------+-------------------------------------------
     0 | D:1      | oldmanjim the Gnoll Hexslinger began the quest for the Orb.
     0 | D:1      | Reached XP level 1. HP: 17/17 MP: 4/4
   117 | D:1      | Reached XP level 2. HP: 23/23 MP: 3/5
   394 | D:1      | Reached XP level 3. HP: 22/28 MP: 7/7
   720 | D:1      | Learned a level 3 spell: Inner Flame
   765 | D:2      | Reached skill level 1 in Invocations
   841 | D:2      | Reached skill level 1 in Short Blades
   841 | D:2      | Reached skill level 1 in Long Blades
   841 | D:2      | Reached skill level 1 in Axes
   841 | D:2      | Reached skill level 1 in Maces & Flails
   841 | D:2      | Reached skill level 1 in Polearms
   841 | D:2      | Reached skill level 1 in Staves
   841 | D:2      | Reached skill level 1 in Throwing
   841 | D:2      | Reached skill level 1 in Armour
   841 | D:2      | Reached skill level 1 in Stealth
   841 | D:2      | Reached skill level 1 in Shields
   841 | D:2      | Reached skill level 1 in Unarmed Combat
   841 | D:2      | Reached skill level 1 in Evocations
   883 | D:2      | Reached XP level 4. HP: 34/34 MP: 8/8
  1289 | D:3      | Reached skill level 1 in Conjurations
  1289 | D:3      | Reached skill level 1 in Summonings
  1289 | D:3      | Reached skill level 1 in Necromancy
  1289 | D:3      | Reached skill level 1 in Translocations
  1289 | D:3      | Reached skill level 1 in Transmutations
  1289 | D:3      | Reached skill level 1 in Fire Magic
  1289 | D:3      | Reached skill level 1 in Ice Magic
  1289 | D:3      | Reached skill level 1 in Air Magic
  1289 | D:3      | Reached skill level 1 in Earth Magic
  1289 | D:3      | Reached skill level 1 in Poison Magic
  1576 | D:3      | Reached XP level 5. HP: 40/40 MP: 9/9
  1693 | D:3      | Found Roepische's Armour Shoppe.
  2000 | D:3      | Found an ancient bone altar of Kikubaaqudgha.
  2118 | D:4      | Found a sand-covered staircase.
  2122 | Ossuary  | Entered an ossuary
  2153 | Ossuary  | Slain by a mummy

Illustrated notes

Levels and vault maps discovered:
D:1:      amcnicky_arrival_choice, layout_basic
D:2:      layout_rooms
D:3:      layout_basic, mainiacjoe_overflow_alcove_1, serial_shops, shop,
          st_stairs_2, serial_bayou_pond_c
D:4:      layout_basic, lemuel_tele_altar, lightli_ossuary_entry_decrepit_ruins,
          serial_shops, nicolae_shop_bloodbath_and_beyond, uniq_robin
Ossuary:  ossuary_zaba_flooded

Skill      XL: |  1  2  3  4  5 |
---------------+----------------+-----
Invocations    | 1 |  1.8
Short Blades   | 1 |  1.6
Long Blades    | 1 |  1.6
Axes           | 1 |  1.6
Maces & Flails | 1 |  1.6
Polearms       | 1 |  1.6
Staves         | 1 |  1.6
Throwing       | 1 |  1.6
Armour         | 1 |  1.6
Stealth        | 1 |  1.6
Shields        | 1 |  1.6
Unarmed Combat | 1 |  1.6
Evocations     | 1 |  1.6
Spellcasting   | 3 |  3.2
Conjurations   | 1 |  1.2
Summonings     | 1 |  1.2
Necromancy     | 1 |  1.2
Translocations | 1 |  1.2
Transmutations | 1 |  1.2
Fire Magic     | 1 |  1.2
Ice Magic      | 1 |  1.2
Air Magic      | 1 |  1.2
Earth Magic    | 1 |  1.2
Poison Magic   | 1 |  1.2
Fighting       | 3 |  3.0
Ranged Weapons | |  4.8
Dodging        | |  4.8
Hexes          | |  5.5

Action                   |  1- 3 |  4- 6 || total
-------------------------+-------+-------++-------
Melee: Short sword       |    14 |    46 ||    60
       Bite              |     2 |     4 ||     6
       Punch             |     1 |     1 ||     2
 Fire: Sling             |   101 |    91 ||   192
 Cast: Slow              |     7 |    11 ||    18
       Inner Flame       |       |     2 ||     2
Armor: Robe              |    13 |    15 ||    28
Dodge: Dodged            |    61 |    33 ||    94

Table legend: (Time is in decaauts)
 A = Elapsed time spent in this place.
 B = Non-inter-level travel time spent in this place.
 C = Inter-level travel time spent in this place.
 D = Time resting spent in this place.
 E = Time spent auto-exploring this place.
 F = Levels seen in this place.
 G = Mean time per level.
                   A        B        C        D        E       F      G
               +--------+--------+--------+--------+--------+-----+--------+
         Total |   2183 |   2092 |     91 |     82 |   1492 |   5 |  436.6 |
       Dungeon |   2151 |   2060 |     91 |     82 |   1492 |   4 |  537.8 |
       Ossuary |     31 |     31 |      0 |      0 |      0 |   1 |   31.0 |
               +--------+--------+--------+--------+--------+-----+--------+

Top non-repeatable levels by time:
     D:3: 815 daAuts
     D:1: 766 daAuts
     D:2: 556 daAuts
 Ossuary: 31 daAuts
     D:4: 12 daAuts
